 Dungeon Crawl Stone Soup version 0.24.0-28-g17ded55e90 (webtiles) character file.

Game seed: 17635579109508395914, levelgen mode: deterministic

91 Freitmort the Firebug (level 4, 0/24 HPs)
             Began as a Deep Elf Fire Elementalist on Nov 12, 2019.
             Slain by a gnoll
             ... wielding a +1 spear of freezing
              (6 damage)
             ... on level 2 of the Dungeon.
             The game lasted 00:11:15 (2205 turns).

Freitmort the Firebug (Deep Elf Fire Elementalist)  Turns: 2205, Time: 00:11:15

Health: 0/24       AC:  6    Str:  6    XL:     4   Next: 33%
Magic:  1/12       EV: 13    Int: 20    God:
Gold:   110        SH:  0    Dex: 15    Spells: 8/11 levels left

rFire    . . .     SeeInvis .   j - +0 dagger (venom)
rCold    . . .     Gourm    .   (no shield)
rNeg     . . .     Faith    .   a - +0 robe
rPois    .         Spirit   .   (no helmet)
rElec    .         Reflect  .   b - +0 cloak
rCorr    .         Harm     .   e - +0 pair of gloves
MR       .....                  i - +1 pair of boots
Stlth    ++........             (no amulet)
HPRegen  0.08/turn              (no ring)
MPRegen  0.13/turn              (no ring)

@: no status effects
A: no striking features
a: no special abilities


You were on level 2 of the Dungeon.
You were very hungry.

You visited 1 branch of the dungeon, and saw 2 of its levels.

You collected 110 gold pieces.

Inventory:

Hand Weapons
 j - a +0 dagger of venom (weapon)
Armour
 a - a +0 robe (worn)
 b - a +0 cloak (worn)
 e - a +0 pair of gloves (worn)
 i - a +1 pair of boots (worn)
Scrolls
 f - a scroll of teleportation
 g - 2 scrolls of remove curse
Potions
 h - a potion of curing {unknown}
Comestibles
 c - 6 rations


   Skills:
 + Level 2.6 Dodging
 + Level 3.0 Stealth
 + Level 4.0 Spellcasting
 + Level 2.1 Conjurations
 + Level 4.5 Fire Magic


You had 8 spell levels left.
You knew the following spells:

 Your Spells              Type           Power        Failure   Level  Hunger
a - Flame Tongue          Conj/Fire      ###..        3%          1    None
b - Throw Flame           Conj/Fire      ###...       4%          2    #......

Your spell library contained the following spells:

 Spells                   Type           Power        Failure   Level  Hunger
 Conjure Flame            Conj/Fire      ###.....     10%         3    ###....
 Inner Flame              Hex/Fire       ##......     16%         3    ###....
 Sticky Flame             Conj/Fire      ###.....     32%         4    ####...
 Fireball                 Conj/Fire      ###.......   67%         5    ######.


Dungeon Overview and Level Annotations

Branches:
Dungeon (2/15)

Altars:


Message History

The flame tongue misses the gnoll.
Casting: Flame Tongue (safe; 3% risk of failure)
Confirm with . or Enter, or press ? or * to list all spells.
Aiming: Flame Tongue (safe; 3% risk of failure)
Press: ? - help, Shift-Dir - straight line, f/p - gnoll
Aim: a gnoll, wielding a +0 whip (heavily wounded)
The flame tongue hits the gnoll.
The gnoll is severely wounded.
You struggle against the net.
The gnoll barely misses you.
You struggle against the net.
The gnoll hits you with a +0 whip!
You struggle against the net.
The gnoll hits you but does no damage.
You struggle against the net.
The gnoll hits you with a +0 whip.
You rip the net and break free!
The gnoll hits you with a +0 whip!
* * * LOW HITPOINT WARNING * * *
The gnoll shouts!
You hit the gnoll but do no damage.
The gnoll is poisoned.
The gnoll is heavily wounded.
The gnoll hits you but does no damage.
The gnoll hits you from afar with a +1 spear of freezing.
You die...

######### .ggg)...#
########## #.#
.........# #.#
########.# #.#
.÷÷...##.# #.#
.####.##.# #g#
....#.##.# #g#
.##.#.##.#######@###
###[#..............#
###.#..#.#####.###.#
..........####.###.#
.##...#.........##.#
.####..<#.####..##.# ÷#
#####.# #..##.# .#
######.# #..##.#######
.#
#...##.####............


You could see 2 gnolls.

Vanquished Creatures
  2 gnolls
  An adder (D:2)
  2 worms (D:2)
  4 dart slugs (D:1)
  A leopard gecko (D:1)
  A ball python (D:2)
  A giant cockroach (D:1)
  6 hobgoblins
  7 kobolds
  8 bats
  5 frilled lizards
  5 goblins
  9 rats
52 creatures vanquished.

Notes
Turn   | Place    | Note
-------+----------+-------------------------------------------
     0 | D:1      | Freitmort the Deep Elf Fire Elementalist began the quest
                  | for the Orb.
     0 | D:1      | Reached XP level 1. HP: 10/10 MP: 6/6
   413 | D:1      | Reached XP level 2. HP: 11/15 MP: 5/8
   575 | D:1      | Learned a level 2 spell: Throw Flame
   803 | D:1      | Reached XP level 3. HP: 19/19 MP: 6/10
  1603 | D:2      | Reached XP level 4. HP: 24/24 MP: 4/11
  2205 | D:2      | Slain by a gnoll

Levels and vault maps discovered:
D:1:      ncdulo_wetmaze, layout_loops_ring, minmay_rat_gold_closets
D:2:      layout_loops_ring, lemuel_crystal_altar

Skill      XL: |  1  2  3  4 |
---------------+-------------+-----
Fire Magic     | 4 |  4.5
Stealth        | 3 |  3.0
Conjurations   | 2 |  2.1
Spellcasting   | 4 |  4.0
Dodging        | |  2.6

Action                   |  1- 3 |  4- 6 || total
-------------------------+-------+-------++-------
Melee: Dagger            |       |     1 ||     1
 Cast: Flame Tongue      |    59 |    19 ||    78
       Throw Flame       |     8 |     7 ||    15
  Use: Scroll            |     4 |     1 ||     5
  Eat: Chunk             |     1 |     2 ||     3
Armor: Robe              |     3 |     1 ||     4
Dodge: Dodged            |     9 |     1 ||    10
